 Dungeon Crawl Stone Soup version 0.28.0-53-g5a82cb258f (webtiles) character file.

Game seed: 7762237685126331939

169 Descartes the Magician (level 5, -2/29 HPs)
             Began as a Deep Elf Wanderer on May 24, 2022.
             Slain by Crazy Yiuf
             ... wielding a +2 quarterstaff of chaos
              (15 damage)
             ... on level 3 of the Dungeon on May 26, 2022.
             The game lasted 00:16:35 (4380 turns).

Descartes the Magician (Deep Elf Wanderer)          Turns: 4380, Time: 00:16:36

Health: -2/29      AC:  2    Str: 10    XL:     5   Next: 25%
Magic:  9/11       EV: 12    Int: 19    God:
Gold:   154        SH:  0    Dex: 13    Spells: 6/10 levels left

rFire   . . .      SeeInvis .   m - +1 dagger (venom)
rCold   . . .      Faith    .   (no shield)
rNeg    . . .      Spirit   .   d - +0 robe
rPois   .          Reflect  .   (no helmet)
rElec   .          Harm     .   (no cloak)
rCorr   .          Rampage  .   (no gloves)
Will    .....                   (no boots)
Stlth   ++........              (no amulet)
HPRegen 0.09/turn               (no ring)
MPRegen 0.12/turn               (no ring)

@: no status effects
A: no striking features
a: no special abilities


You were on level 3 of the Dungeon.
You visited 1 branch of the dungeon, and saw 3 of its levels.

You collected 154 gold pieces.

Inventory:

Hand Weapons
 a - a +2 dagger
 j - a +0 vampiric dagger
 m - a +1 dagger of venom (weapon)
 p - a +1 dagger of freezing
Missiles
 b - a curare-tipped dart (quivered)
 g - 57 stones
 h - 30 arrows
 l - 5 boomerangs
Armour
 d - a +0 robe (worn)
 r - a +0 pair of gloves
Scrolls
 c - a scroll of acquirement {unknown}
 f - a scroll of brand weapon {unknown}
 i - a scroll of immolation {unknown}
 k - 3 scrolls of identify {unknown}
 n - 2 scrolls of magic mapping {unknown}
 o - a scroll of enchant armour {unknown}
 t - a scroll of fog {unknown}
 u - a scroll of noise {unknown}
Potions
 e - 2 potions of mutation {unknown}
 q - a potion of resistance {unknown}
 s - a potion of invisibility {unknown}


   Skills:
 - Level 1.0 Fighting
 - Level 0.3 Short Blades
 - Level 3.0 Throwing
 - Level 2.0 Armour
 + Level 2.0 Dodging
 + Level 2.9 Stealth
 + Level 3.0 Spellcasting
 + Level 3.0 Transmutations
 + Level 1.8 Fire Magic
 + Level 2.0 Poison Magic


You had 6 spell levels left.
You knew the following spells:

 Your Spells              Type           Power      Damage    Failure   Level
a - Sting                 Tmut/Pois      48%        1d5       5%          1
b - Ignite Poison         Fire/Tmut/Pois 11%        N/A       17%         3

Your spell library contained the following spells:

 Spells                   Type           Power      Damage    Failure   Level
 Summon Small Mammal      Summ           8%         N/A       16%         1
 Call Canine Familiar     Summ           2%         N/A       41%         3
 Summon Guardian Golem    Hex/Summ       2%         N/A       41%         3


Dungeon Overview and Level Annotations

Branches:
Dungeon (3/15)

Altars:
Ashenzari
Kikubaaqudgha

Annotations:
D:2 Sigmund
D:3 Crazy Yiuf


Message History

You open the door.
Crazy Yiuf shouts!
Casting: Sting (safe; 5% risk of failure)
Confirm with . or Enter, or press ? or * to list all spells.
Aiming: Sting (safe; 5% risk of failure)
Press: ? - help, Shift-Dir - straight line, f - Crazy Yiuf
Aim: Crazy Yiuf, wielding a +2 quarterstaff of chaos and wearing a +0 cloak (75% to hit)
The sting hits Crazy Yiuf but does no damage.
Crazy Yiuf is poisoned.
Casting: Sting (safe; 5% risk of failure)
Confirm with . or Enter, or press ? or * to list all spells.
Aiming: Sting (safe; 5% risk of failure)
Press: ? - help, Shift-Dir - straight line, f/p - Crazy Yiuf
Aim: Crazy Yiuf, wielding a +2 quarterstaff of chaos and wearing a +0 cloak (lightly wounded, poisoned, 75% to hit)
The sting hits Crazy Yiuf.
Crazy Yiuf looks even sicker.
Crazy Yiuf is lightly wounded.
You see here a +0 mace.
You see here a +0 mace.
There is an open door here.
Crazy Yiuf hits you with a +2 quarterstaff of chaos!
Crazy Yiuf looks more healthy.
Casting: Sting (safe; 5% risk of failure)
Confirm with . or Enter, or press ? or * to list all spells.
Aiming: Sting (safe; 5% risk of failure)
Press: ? - help, Shift-Dir - straight line, f/p - Crazy Yiuf
Aim: Crazy Yiuf, wielding a +2 quarterstaff of chaos and wearing a +0 cloak (heavily wounded, 75% to hit)
The sting misses Crazy Yiuf.
Casting: Sting (safe; 5% risk of failure)
Confirm with . or Enter, or press ? or * to list all spells.
Aiming: Sting (safe; 5% risk of failure)
Press: ? - help, Shift-Dir - straight line, f/p - Crazy Yiuf
Aim: Crazy Yiuf, wielding a +2 quarterstaff of chaos and wearing a +0 cloak (heavily wounded, 75% to hit)
The sting misses Crazy Yiuf.
Crazy Yiuf screams, "Tosser pizzabubble sallow!"
Crazy Yiuf hits you with a +2 quarterstaff of chaos.
There is a stone staircase leading down here.
Crazy Yiuf flaps his cloak.
Crazy Yiuf hits you with a +2 quarterstaff of chaos!
Ouch! That really hurt!
You die...

# #(...####....# #... ##...#
#....# #.## #...# ###)## #.#
####### ##..######.# #.# #.....#
#.......#.# #.#
#.....#######<.####.#.# #.#
#.....'....o........#.#######.#
##.....########.######.#.......#
.......# #..g@.<......#######
######## ##.##....###.#
#.........#.# #.#.....#.#.# ###
♣♣##.#.....#.#.# #)))#♣♣
♣♣P.'.#.#.....#.#
#...'.♣♣♣♣P......#######.#
#...#♣.)♣)♣..............# ###
♣♣♣.♣...'.###########


You could see Crazy Yiuf.

Vanquished Creatures
  2 orc wizards
  4 adders
  8 orcs
  9 endoplasms
  A giant cockroach (D:2)
  7 goblins
  6 hobgoblins
  4 jackals (D:3)
  5 quokkas
  A ball python (D:1)
  5 bats
  9 frilled lizards
  5 kobolds
  10 rats
76 creatures vanquished.

Vanquished Creatures (others)
  3 fungi (D:3)
  8 plants (D:1)
11 creatures vanquished.

Grand Total: 87 creatures vanquished

Notes
Turn   | Place    | Note
-------+----------+-------------------------------------------
     0 | D:1      | Descartes the Deep Elf Wanderer began the quest for the
                  | Orb.
     0 | D:1      | Descartes set off with the following items: a +2 dagger, a
                  | curare-tipped dart, a potion of curing, a +0 robe; and the
                  | following spell memorised: Sting; and the following spells
                  | available to memorise: Ignite Poison
     0 | D:1      | Reached XP level 1. HP: 12/12 MP: 6/6
   194 | D:1      | Reached XP level 2. HP: 16/16 MP: 5/8
   520 | D:1      | Found a faded altar of an unknown god.
   756 | D:1      | Reached skill level 1 in Poison Magic
  1076 | D:2      | Reached skill level 1 in Dodging
  1076 | D:2      | Reached XP level 3. HP: 20/20 MP: 2/9
  1116 | D:2      | HP: 1/20 [poisoned by an orc]
  1323 | D:2      | Reached skill level 1 in Fire Magic
  1354 | D:2      | Learned a level 3 spell: Ignite Poison
  1833 | D:2      | Reached XP level 4. HP: 25/25 MP: 7/10
  2135 | D:2      | Noticed Sigmund
  3434 | D:3      | Found an ancient bone altar of Kikubaaqudgha.
  3531 | D:3      | Found a broken altar of Ashenzari.
  3579 | D:3      | Reached XP level 5. HP: 16/29 MP: 0/11
  4358 | D:3      | Found a runed translucent door.
  4359 | D:3      | Noticed Crazy Yiuf
  4380 | D:3      | Slain by Crazy Yiuf

Illustrated notes

Levels and vault maps discovered:
D:1:      amcnicky_arrival_wind_blow, layout_rooms,
          nicolae_ecumenical_lake_church, serial_bayou_lagoon_b
D:2:      layout_loops_ring, hangedman_abyss_or_decor_stabs, uniq_sigmund
D:3:      layout_basic, jmf_multi_god_temple, uniq_crazy_yiuf_cottage

Skill      XL: |  1  2  3  4  5 |
---------------+----------------+-----
Poison Magic   | 1 2 |  2.0
Dodging        | 1 2 |  2.0
Stealth        | 2 |  2.9
Fire Magic     | 1 |  1.8
Transmutations | 3 |  3.0
Armour         | 2 |  2.0
Fighting       | |  1.0
Short Blades   | |  0.3
Throwing       | |  3.0
Spellcasting   | |  3.0

Action                   |  1- 3 |  4- 6 || total
-------------------------+-------+-------++-------
Melee: Dagger            |     5 |     5 ||    10
 Cast: Sting             |    62 |   113 ||   175
  Use: Potion            |     1 |       ||     1
Armor: Robe              |     7 |     9 ||    16
Dodge: Dodged            |    14 |    32 ||    46
